 Dungeon Crawl Stone Soup version 0.28.0-53-g5a82cb258f (webtiles) character file.

Game seed: 4266779496457906123

3503 mcbry74 the Arsonist (level 10, -6/69 HPs)
             Began as a Hill Orc Fire Elementalist on July 5, 2022.
             Was a Priest of Ignis.
             Mangled by a human
             ... wielding a +0 war axe
              (13 damage)
             ... in a bailey.
             The game lasted 00:50:00 (9593 turns).

mcbry74 the Arsonist (Hill Orc Fire Elementalist)   Turns: 9593, Time: 00:50:00

Health: -6/69      AC: 16    Str: 12    XL:     10   Next: 7%
Magic:  2/12       EV: 11    Int: 19    God:    Ignis [***...]
Gold:   382        SH:  7    Dex: 11    Spells: 2/12 levels left

rFire   + . .      SeeInvis +   f - +2 flail (protect)
rCold   . . .      Faith    .   k - +2 buckler
rNeg    . . .      Spirit   .   y - +3 leather armour {rPois}
rPois   +          Reflect  .   l - +2 helmet {SInv}
rElec   .          Harm     .   (no cloak)
rCorr   .          Rampage  .   (no gloves)
Will    .....                   (no boots)
Stlth   +.........              t - amulet of the acrobat
HPRegen 0.21/turn               (no ring)
MPRegen 0.13/turn               (no ring)

@: fiery-armoured
A: no striking features
a: Renounce Religion, Fiery Armour, Foxfire Swarm, Rising Flame


You were in a bailey.
You worshipped Ignis.
Ignis was most pleased with you.
You visited 1 branch of the dungeon, and saw 7 of its levels.
You also visited: Bailey.

You collected 382 gold pieces.

Inventory:

Hand Weapons
 f - a +2 flail of protection (weapon)
 q - a +4 club
Missiles
 x - 8 poisoned darts
Armour
 a - a +0 robe
 h - a +0 leather armour
 k - a +2 buckler (worn)
 l - a +2 helmet of see invisible (worn)
 r - a +0 robe of positive energy
 u - a +1 chain mail of cold resistance
 y - a +3 leather armour of poison resistance (worn)
 B - a +1 scale mail of willpower
Jewellery
 t - an amulet of the acrobat (around neck)
 D - a ring of ice
Wands
 m - a wand of flame (5)
 s - a wand of iceblast (10)
 A - a wand of polymorph (8)
Scrolls
 d - a scroll of enchant armour
 e - a scroll of immolation
 i - a scroll of blinking
Potions
 b - 2 potions of curing
 c - 3 potions of brilliance
 g - a potion of flight {unknown}
 j - a potion of heal wounds
 p - a potion of haste
 z - a potion of attraction


   Skills:
 - Level 1.5 Dodging
 - Level 1.5 Stealth
 - Level 5.0 Shields
 - Level 1.5 Spellcasting
 + Level 7.3 Conjurations
 * Level 12.4 Fire Magic


You had 2 spell levels left.
You knew the following spells:

 Your Spells              Type           Power      Damage    Failure   Level
a - Foxfire               Conj/Fire      100%       2x1d9     1%          1
b - Flame Wave            Conj/Fire      39%        2d9       4%          4
c - Scorch                Fire           96%        2d10      1%          2
d - Conjure Flame         Conj/Fire      39%        6-21      1%          3

Your spell library contained the following spells:

 Spells                   Type           Power      Damage    Failure   Level
 Static Discharge         Conj/Air       15%        N/A       10%         2
 Blink                    Tloc           2%         N/A       41%         2
 Ensorcelled Hibernation  Hex/Ice        2%         N/A       41%         2
 Passwall                 Tmut/Erth      0%         N/A       41%         2
 Inner Flame              Hex/Fire       25%        N/A       7%          3
 Gell's Gravitas          Tloc           1%         N/A       65%         3
 Lesser Beckoning         Tloc           1%         N/A       65%         3
 Swiftness                Air            1%         N/A       65%         3
 Teleport Other           Tloc           1%         N/A       65%         3
 Lightning Bolt           Conj/Air       7%         1d20      88%         5
 Passage of Golubria      Tloc           1%         N/A       96%         4
 Manifold Assault         Tloc           1%         N/A       100%        5
 Silence                  Hex/Air        0%         N/A       100%        5
 Storm Form               Tmut/Air       0%         N/A       100%        7
 Lehudib's Crystal Spear  Conj/Erth      7%         10d3      100%        8
 Maxwell's Capacitive Co  Air            0%         ∞         100%        8


Dungeon Overview and Level Annotations

Branches:
Dungeon (7/15)             Temple (0/1) D:5          Bailey (1/1)

Altars:
Ashenzari
Cheibriados
Gozag
Wu Jian
Zin
The Shining One
Ignis

Shops:
D:6 =


Message History

The bullfrog is heavily wounded.
The bullfrog hits you but does no damage.
The bullfrog is burned by your cloak of flames.
The bullfrog is severely wounded.
The human hits you but does no damage.
The human is burned by your cloak of flames.
The human is severely wounded.
The bullfrog hits you but does no damage.
The bullfrog is burned by your cloak of flames.
The bullfrog is severely wounded.
Casting: Flame Wave (dangerous; 4% risk of failure)
Confirm with . or Enter, or press ? or * to list all spells.
You conjure some foxfire!
The bullfrog hits you but does no damage.
The bullfrog is burned by your cloak of flames.
The bullfrog is almost dead.
The human hits you with a +1 vorpal hand axe!
* * * LOW HITPOINT WARNING * * *
x2 The human is burned by your cloak of flames.
The human is lightly wounded.
The human closely misses your foxfire. The bullfrog completely misses you.
The human hits you but does no damage.
The human hits your foxfire with a +0 war axe!
Activating: Foxfire Swarm
Press: ? - help, Dir - look around, f - activate Flames leap up around you!
The foxfire hits the human but does no damage.
The human is lightly wounded.
The foxfire hits the human but does no damage.
The human is severely wounded.
The bullfrog hits you but does no damage.
The bullfrog is burned by your cloak of flames.
You kill the bullfrog!
The human barely misses you.
The human hits your foxfire with a +1 vorpal hand axe.
The human hits your foxfire with a +1 vorpal hand axe! x3
You block the human's attack. The human barely misses your foxfire.
The human hits your foxfire with a +0 war axe!
The human hits you with a +0 war axe!
You die...

##### ##### ...#
##...## ..# #..∩..+
#'##
#....†######..###
#..∩..'≈≈≈##.v.v###
##...##≈)≈)#.vpp.v#
#####≈≈≈)≈).vp@v#
#≈≈≈)≈#).p.##
##≈≈≈##..v##
##########


You could see 4 humans.

Vanquished Creatures
  A cyclops (D:7)
  Eustachio (D:4)
  4 humans (Bailey)
  A steam dragon (D:7)
  2 water moccasins
  Duvessa (D:4)
  4 sky beasts
  A black bear (D:5)
  An ogre (D:6)
  A centaur (D:5)
  A phantom (D:5)
  Blork the orc (D:4)
  6 bullfrogs
  4 scorpions
  2 water moccasin zombies
  Dowan (D:4)
  An electric eel (D:6)
  A bullfrog zombie (D:5)
  2 hounds (D:5)
  A gnoll shaman (D:5)
  A jelly (D:6)
  Jessica (D:3)
  An iguana (D:6)
  3 howler monkey zombies
  7 gnolls
  2 howler monkey skeletons
  7 adders
  2 white imps
  4 worms
  2 dart slugs
  4 orcs
  10 ball pythons
  6 endoplasms
  2 giant cockroaches
  14 goblins
  13 hobgoblins
  10 jackals
  2 kobolds
  3 quokkas
  3 bats
  2 frilled lizards
  7 rats
143 creatures vanquished.

Vanquished Creatures (collateral kills)
  2 foxfires (D:2)
2 creatures vanquished.

Vanquished Creatures (others)
  411 foxfires
411 creatures vanquished.

Grand Total: 556 creatures vanquished

Notes
Turn   | Place    | Note
-------+----------+-------------------------------------------
     0 | D:1      | mcbry74 the Hill Orc Fire Elementalist began the quest for
                  | the Orb.
     0 | D:1      | Reached XP level 1. HP: 14/14 MP: 3/3
    65 | D:1      | Found a faded altar of an unknown god.
    79 | D:1      | Prayed at the altar of an unknown god.
    79 | D:1      | Became a worshipper of Ignis, the Dying Flame
   173 | D:1      | Reached XP level 2. HP: 20/20 MP: 1/4
   306 | D:1      | Reached skill level 4 in Fire Magic
   932 | D:1      | Reached XP level 3. HP: 26/26 MP: 3/5
  1799 | D:2      | Reached skill level 5 in Fire Magic
  2140 | D:2      | Reached XP level 4. HP: 33/33 MP: 4/6
  2911 | D:3      | Learned a level 4 spell: Flame Wave
  3138 | D:3      | Found a glowing golden altar of the Shining One.
  3636 | D:3      | Noticed Jessica
  3647 | D:3      | Killed Jessica
  3648 | D:3      | Reached skill level 1 in Shields
  3648 | D:3      | Reached XP level 5. HP: 24/38 MP: 3/7
  4209 | D:3      | Found a glowing silver altar of Zin.
  4209 | D:3      | Found an opulent altar of Gozag.
  4327 | D:3      | Reached skill level 6 in Fire Magic
  4963 | D:4      | Noticed Eustachio
  5173 | D:4      | Killed Eustachio
  5174 | D:4      | Reached XP level 6. HP: 45/45 MP: 5/8
  5402 | D:4      | Noticed Blork the orc
  5627 | D:4      | Found a snail-covered altar of Cheibriados.
  5799 | D:4      | Killed Blork the orc
  5800 | D:4      | Reached skill level 7 in Fire Magic
  5800 | D:4      | Reached XP level 7. HP: 50/50 MP: 1/9
  5930 | D:4      | Noticed Duvessa
  5949 | D:4      | Killed Duvessa
  5951 | D:4      | Noticed Dowan
  5963 | D:4      | Killed Dowan
  6134 | D:5      | Entered Level 5 of the Dungeon
  6406 | D:5      | Reached skill level 8 in Fire Magic
  6505 | D:5      | Reached XP level 8. HP: 57/57 MP: 10/10
  6618 | D:5      | Learned a level 2 spell: Scorch
  6622 | D:5      | Learned a level 3 spell: Conjure Flame
  6975 | D:5      | Reached skill level 9 in Fire Magic
  7343 | D:5      | Found a staircase to the Ecumenical Temple.
  7426 | D:4      | Reached skill level 5 in Shields
  7941 | D:6      | Found Oruonn's Jewellery Emporium.
  7967 | D:6      | Reached skill level 5 in Conjurations
  8212 | D:6      | Reached XP level 9. HP: 62/62 MP: 2/11
  8373 | D:6      | Found an ornate altar of the Wu Jian Council.
  8431 | D:6      | Reached skill level 10 in Fire Magic
  9272 | D:7      | Reached skill level 11 in Fire Magic
  9314 | D:7      | Found a broken altar of Ashenzari.
  9320 | D:7      | Noticed a cyclops
  9349 | D:7      | Killed a cyclops
  9431 | D:7      | Found a flagged portal.
  9442 | Bailey   | Entered a bailey
  9551 | Bailey   | Reached skill level 12 in Fire Magic
  9562 | Bailey   | Reached XP level 10. HP: 69/69 MP: 2/12
  9593 | Bailey   | Mangled by a human

Illustrated notes

Levels and vault maps discovered:
D:1:      amcnicky_arrival_flooded_fountain, layout_loops_corners,
          shapermc_ecumenical_altar_starsandcircs
D:2:      layout_loops_cross, fountainhead, minmay_misc_feat_x,
          chequers_decorated_corner, chequers_serial_rivers_large_a,
          chequers_big_river
D:3:      layout_loops_ring, grunt_temple_overflow_gold_and_silver,
          nicolae_tso_swordbearing_angel, dk_noncrumbling_3, uniq_jessica
D:4:      layout_basic, cheibrodos_worm_habitat, uniq_blork_the_orc,
          uniq_eustachio, uniq_duvessa
D:5:      wander_river, layout_loops_ring, temple_hall, minmay_bent
D:6:      layout_loops_cross, nicolae_wu_jian_wuxing_cycle, serial_shops,
          nicolae_shop_hallway_plus, water_boxes_lemuel
D:7:      cheibrodos_steamvent, layout_loops_ring, nicolae_ashenzari_skybound,
          enter_bailey_3, sigmund_edmund_badplayer, uniq_menkaure,
          uniq_crazy_yiuf_cottage
Bailey:   bailey_axe_froggy_fort_hellmonk, bailey

Skill      XL: |  1  2  3  4  5  6  7  8  9 |
---------------+----------------------------+-----
Fire Magic     | 4 5 6 7 8 9 12 | 12.4
Shields        | 1 2 4 5 |  5.0
Conjurations   | 2 3 5 7 |  7.3
Dodging        | |  1.5
Stealth        | |  1.5
Spellcasting   | |  1.5

Action                   |  1- 3 |  4- 6 |  7- 9 | 10-12 || total
-------------------------+-------+-------+-------+-------++-------
Melee: Flail             |     3 |    32 |    56 |    18 ||   109
       Unarmed           |       |       |    14 |       ||    14
 Cast: Foxfire           |    49 |    83 |    93 |     1 ||   226
       Scorch            |       |       |    38 |       ||    38
       Flame Wave        |       |       |     2 |     1 ||     3
Invok: Foxfire Swarm     |       |       |     1 |     1 ||     2
       Fiery Armour      |       |       |     1 |     1 ||     2
  Use: Potion            |       |     1 |     2 |       ||     3
       Scroll            |       |       |    13 |       ||    13
 Stab: Confused          |       |       |     1 |       ||     1
Armor: Robe              |     5 |    13 |       |       ||    18
       Leather armour    |       |     1 |    33 |    12 ||    46
       Skin              |       |       |     2 |    27 ||    29
Dodge: Dodged            |    14 |    52 |    60 |    18 ||   144
Block: Buckler           |       |    19 |    35 |    18 ||    72
